 Dungeon Crawl Stone Soup version 0.27-a0-46-g34d46f0a3f (webtiles) character file.

Game seed: 4576530550828335588

1022 Borgoz the Slasher (level 8, -1/56 HPs)
             Began as a Halfling Fighter on Jan 6, 2021.
             Was an Initiate of Okawaru.
             Succumbed to a gnoll sergeant's poison
             ... on level 5 of the Dungeon.
             The game lasted 00:05:53 (4741 turns).

Borgoz the Slasher (Halfling Fighter)               Turns: 4741, Time: 00:05:54

Health: -1/56      AC:  8    Str: 17    XL:     8   Next: 46%
Magic:  8/8        EV:  9    Int:  6    God:    Okawaru [......]
Gold:   249        SH: 15    Dex: 16    Spells: 7/7 levels left

rFire    . . .     SeeInvis .   a - +1 long sword
rCold    . . .     Faith    .   c - +0 kite shield
rNeg     . . .     Spirit   .   d - +0 scale mail
rPois    .         Reflect  +   q - +0 helmet
rElec    .         Harm     .   (no cloak)
rCorr    .         Rampage  .   (no gloves)
Will     .....                  (no boots)
Stlth    ..........             i - amulet of reflection
HPRegen  0.18/turn              (no ring)
MPRegen  0.11/turn              (no ring)

@: mighty, lethally poisoned (-1 -> -16)
A: small, mutation resistance 1
a: Renounce Religion


You were on level 5 of the Dungeon.
You worshipped Okawaru.
Okawaru was noncommittal.
You visited 2 branches of the dungeon, and saw 6 of its levels.

You collected 249 gold pieces.

Inventory:

Hand Weapons
 a - a +1 long sword (weapon)
 b - a +3 dagger
Armour
 c - a +0 kite shield (worn)
 d - a +0 scale mail (worn)
 q - a +0 helmet (worn)
Jewellery
 i - an amulet of reflection (around neck)
 j - an uncursed ring of flight
Wands
 k - a wand of polymorph (6)
Scrolls
 f - 3 scrolls of remove curse
 g - a scroll of enchant weapon
 h - a scroll of enchant armour
 p - 2 scrolls of teleportation
 r - a scroll of identify
Potions
 e - 2 potions of flight
 n - 3 potions of brilliance
 s - a potion of haste {unknown}


   Skills:
 * Level 5.5 Fighting
 * Level 5.7 Long Blades
 + Level 5.2 Armour
 + Level 5.2 Shields
 + Level 0.4 Invocations


You had 7 spell levels left.
You didn't know any spells.
Your spell library contained the following spells:

 Spells                   Type           Power        Failure   Level
 Corona                   Hex            0%           100%        1


Dungeon Overview and Level Annotations

Branches:
Dungeon (5/15)             Temple (1/1) D:4

Altars:
Ashenzari
Cheibriados
Dithmenos
Elyvilon
Fedhas
Gozag
Hepliaklqana
Kikubaaqudgha
Makhleb
Nemelex Xobeh
Okawaru
Qazlal
Ru
Sif Muna
Uskayaw
Vehumet
Wu Jian
Xom
Zin


Innate Abilities, Weirdness & Mutations

You are small and have problems with some larger weapons.
You are somewhat resistant to further mutation.


Message History

You feel sick.
The gnoll sergeant hits you with a +1 spear of venom!
* * * LOW HITPOINT WARNING * * *
You are more poisoned.
You feel very mighty all of a sudden.
* * * LOW HITPOINT WARNING * * *
You feel sick. You block the gnoll sergeant's attack.
The gnoll sergeant blocks your attack.
The gnoll sergeant is moderately wounded.
* * * LOW HITPOINT WARNING * * *
You feel very sick. You block the gnoll sergeant's attack.
You slash the gnoll sergeant!
The gnoll sergeant is severely wounded.
* * * LOW HITPOINT WARNING * * *
You feel sick.
The gnoll sergeant hits you but does no damage.
The gnoll sergeant blocks your attack.
The gnoll sergeant is severely wounded.
You die...

..... #.... #...# +...#
#.###...#
.......##########
#####..g##.......# .
.......@†'.......+ ..
############.......#
.#.........# #.......#
...######.####.......#
#......<..........<..#
...###.#...####.......#
.(.....))).# #.......#
#######....# #..(....#
.......# #.......#


You could see a gnoll sergeant.

Vanquished Creatures
  An orc warrior (D:3)
  An ogre (D:4)
  The ghost of nuthulu the Skirmisher, an amateur GrFi (D:3)
  A bullfrog (D:4)
  A scorpion (D:4)
  3 wights (D:3)
  A centaur skeleton (D:4)
  An orc priest (D:5)
  5 orc wizards
  Ijyb (D:3)
  4 worker ants (D:4)
  4 gnolls (D:5)
  6 adders
  A white imp (D:4)
  3 oozes
  2 worms
  A dart slug (D:3)
  5 leopard geckos
  18 orcs
  4 bats
  4 giant cockroaches
  7 hobgoblins
  7 jackals
  3 kobolds
  A quokka (D:3)
  A ball python (D:1)
  A ball python skeleton (D:4)
  A frilled lizard (D:4)
  10 rats
99 creatures vanquished.

Notes
Turn   | Place    | Note
-------+----------+-------------------------------------------
     0 | D:1      | Borgoz the Halfling Fighter began the quest for the Orb.
     0 | D:1      | Reached XP level 1. HP: 15/15 MP: 1/1
   182 | D:1      | Reached XP level 2. HP: 20/20 MP: 2/2
   346 | D:1      | Reached XP level 3. HP: 21/26 MP: 3/3
   944 | D:2      | Reached XP level 4. HP: 31/31 MP: 4/4
  1472 | D:3      | Reached XP level 5. HP: 27/36 MP: 5/5
  1687 | D:3      | Noticed an orc warrior
  1710 | D:3      | Killed an orc warrior
  1711 | D:3      | Reached XP level 6. HP: 17/43 MP: 6/6
  1971 | D:3      | Found an ornate altar of the Wu Jian Council.
  2009 | D:3      | Found a runed translucent gate.
  2009 | D:3      | Found a runed translucent gate.
  2009 | D:3      | Found a runed translucent gate.
  2009 | D:3      | Noticed nuthulu's ghost (amateur GrFi)
  2234 | D:3      | Noticed Ijyb
  2251 | D:3      | Killed Ijyb
  2263 | D:3      | Reached XP level 7. HP: 25/49 MP: 7/7
  2612 | D:3      | Found a stormy altar of Qazlal.
  2614 | D:3      | Found a snail-covered altar of Cheibriados.
  2937 | D:3      | Killed nuthulu's ghost
  3112 | D:4      | Reached skill level 5 in Long Blades
  3315 | D:4      | Reached skill level 5 in Fighting
  3322 | D:4      | Reached XP level 8. HP: 30/55 MP: 8/8
  3334 | D:4      | Reached skill level 5 in Armour
  3540 | D:4      | Found a staircase to the Ecumenical Temple.
  3565 | D:4      | Reached skill level 5 in Shields
  3570 | Temple   | Entered the Ecumenical Temple
  3915 | Temple   | Became a worshipper of Warmaster Okawaru
  4076 | D:4      | Found a radiant altar of Vehumet.
  4096 | D:4      | Found an ancient bone altar of Kikubaaqudgha.
  4097 | D:4      | Found a shimmering blue altar of Sif Muna.
  4198 | D:4      | Identified Sif Muna's Incunabulum of the Oath
  4453 | D:5      | Entered Level 5 of the Dungeon
  4739 | D:5      | HP: 2/56 [poisoned by a gnoll sergeant]
  4741 | D:5      | Succumbed to a gnoll sergeant's poison

Illustrated notes

Levels and vault maps discovered:
D:1:      erik_arrival_orb_chamber, layout_rooms
D:2:      layout_loops_cross
D:3:      layout_loops_ring, nzn_wu_jian_contemplation, minitemple,
          ebering_ghost_rock_garden, uniq_ijyb
D:4:      cheibrodos_barr_body, layout_cave_pools,
          grunt_temple_overflow_magic_moments, minmay_temple_entry_nine_rooms
D:5:      layout_basic, bloody_trog, serial_glass, glass_columns_a,
          glass_columns_a, glass_columns_c, glass_columns_a, glass_columns_b,
          glass_columns_a, serial_shops, shop
Temple:   oiseaux_autumnal_temple

Skill      XL: |  1  2  3  4  5  6  7  8 |
---------------+-------------------------+-----
Fighting       | 3 4 5 |  5.5
Long Blades    | 3 4 5 |  5.7
Armour         | 4 5 |  5.2
Shields        | 4 5 |  5.2
Invocations    | |  0.4

Action                   |  1- 3 |  4- 6 |  7- 9 || total
-------------------------+-------+-------+-------++-------
Melee: Long sword        |    69 |   129 |   212 ||   410
       Unarmed           |       |    18 |       ||    18
  Use: Potion            |       |     3 |     5 ||     8
       Scroll            |       |    10 |     1 ||    11
Armor: Scale mail        |    36 |    30 |    56 ||   122
       Skin              |       |     5 |       ||     5
Dodge: Dodged            |    29 |    42 |    43 ||   114
Block: Kite shield       |    70 |    97 |   166 ||   333
       Reflection        |     3 |     4 |     3 ||    10
       Rpst.: Long sword |     7 |    11 |    12 ||    30

Table legend: (Time is in decaauts)
 A = Elapsed time spent in this place.
 B = Non-inter-level travel time spent in this place.
 C = Inter-level travel time spent in this place.
 D = Time resting spent in this place.
 E = Time spent auto-exploring this place.
 F = Levels seen in this place.
 G = Mean time per level.
                   A        B        C        D        E       F      G
               +--------+--------+--------+--------+--------+-----+--------+
         Total |   4859 |   4731 |    128 |   1033 |   2802 |   6 |  809.8 |
       Dungeon |   4475 |   4386 |     89 |   1033 |   2459 |   5 |  895.0 |
        Temple |    384 |    345 |     39 |      0 |    343 |   1 |  384.0 |
               +--------+--------+--------+--------+--------+-----+--------+

Top non-repeatable levels by time:
     D:3: 1559 daAuts
     D:4: 1156 daAuts
     D:1: 790 daAuts
     D:2: 670 daAuts
  Temple: 384 daAuts
     D:5: 298 daAuts
